 Dungeon Crawl Stone Soup version 0.30-a0-1094-g860fb061e7 (webtiles) character file.

Game seed: 13805577625113797198

284 lunkers the Slasher (level 6, 0/51 HPs)
             Began as a Meteoran Fighter on Apr 17, 2023.
             Slain by Duvessa
             ... wielding a +2 short sword of speed
              (8 damage)
             ... on level 4 of the Dungeon.
             The game lasted 00:03:04 (1688 turns).

lunkers the Slasher (Meteoran Fighter)              Turns: 1688, Time: 00:03:04

Health: 0/51       AC:  8    Str: 18    XL:     6   Next: 86%
Magic:  0/7        EV:  9    Int: 15    God:
Gold:   228        SH:  5    Dex: 16    Spells: 5/5 levels left

rFire   . . .      SeeInvis .    a - +4 short sword
rCold   . . .      Faith    .    c - +0 buckler
rNeg    . . .      Spirit   +    b - +0 scale mail
rPois   .          Reflect  .    (no helmet)
rElec   .          Rampage  .    y - scarf {repulsion}
rCorr   .                        f - +0 pair of gloves
Will    .....                    (no boots) Stlth
                                 n - amulet of guardian spirit
HPRegen 0.28/turn                z - +6 ring of intelligence
MPRegen 0.10/turn                (no ring)

@: mighty, glowing, repel missiles
A: sense surroundings 1, otherworldly, glowing, explore regen
a: no special abilities


You were on level 4 of the Dungeon.
You visited 1 branch of the dungeon, and saw 5 of its levels.

You collected 228 gold pieces.

Inventory:

Hand Weapons
 a - a +4 short sword (weapon)
 r - a +0 long sword
Armour
 b - a +0 scale mail (worn)
 c - a +0 buckler (worn)
 f - a +0 pair of gloves (worn)
 y - a scarf of repulsion (worn)
Jewellery
 n - an amulet of guardian spirit (around neck)
 z - a +6 ring of intelligence (left hand)
Wands
 s - a wand of flame (17)
Scrolls
 e - a scroll of poison {unknown}
 j - a scroll of torment {unknown}
 k - 3 scrolls of identify {unknown}
 m - a scroll of noise {unknown}
 q - a scroll of fog {unknown}
 w - a scroll of magic mapping {unknown}
 x - a scroll of teleportation {unknown}
Potions
 g - a potion of curing {unknown}
 h - a potion of attraction {unknown}
 i - 4 potions of haste {unknown}
 l - 3 potions of degeneration {unknown}
 o - a potion of lignification {unknown}
 p - a potion of mutation {unknown}
 t - a potion of brilliance {unknown}
 u - a potion of invisibility {unknown}
 v - a potion of resistance {unknown}


   Skills:
 - Level 3.2 Fighting
 + Level 4.9(5.9) Short Blades
 - Level 5.3(6.4) Long Blades
 - Level 3.6 Armour
 - Level 3.6 Shields


You had 5 spell levels left.
You didn't know any spells.
Your spell library contained the following spells:

 Spells                   Type           Power      Damage    Failure   Level
 Shock                    Conj/Air       0%         1d3       73%         1
 Inner Flame              Hex/Fire       0%         N/A       97%         3
 Swiftness                Air            0%         N/A       97%         3
 Airstrike                Air            0%         2d(0-16)  100%        4
 Yara's Violent Unravell  Hex/Tmut       0%         3d3       100%        5
 Enfeeble                 Hex            0%         N/A       100%        7


Dungeon Overview and Level Annotations

Branches:
Dungeon (5/15) Zot: 1302
 Temple: D:4-7

Altars:
Qazlal

Annotations:
D:4 Dowan, Duvessa


Innate Abilities, Weirdness & Mutations

You passively map a small area around you.
You are easily found by Zot.
You glow in the dark.
You regain HP and MP as you explore.


Message History

You hit Duvessa.
Duvessa is heavily wounded.
You block Duvessa's attack. Duvessa closely misses you.
You closely miss Duvessa.
Duvessa is heavily wounded.
You block Duvessa's attack.
You hit Duvessa.
Duvessa is heavily wounded.
Duvessa barely misses you.
Dowan smirks and points a slender finger.
Duvessa hits you with a +2 short sword of speed.
* * * LOW HITPOINT WARNING * * *
You barely miss Duvessa.
Duvessa is heavily wounded.
Duvessa hits you with a +2 short sword of speed.
* * * LOW HITPOINT WARNING * * *
You puncture Duvessa!
Duvessa is severely wounded.
Duvessa barely misses you. x2
You hit Duvessa.
Duvessa is almost dead.
Duvessa hits you with a +2 short sword of speed.
* * * LOW HITPOINT WARNING * * *
Duvessa hits you with a +2 short sword of speed.
* * * LOW HITPOINT WARNING * * *
Dowan says, "Magic and the sword, together, will defeat you."
You completely miss Duvessa.
Duvessa is almost dead.
Duvessa hits you with a +2 short sword of speed.
* * * LOW MAGIC WARNING * * *
* * * LOW HITPOINT WARNING * * *
Duvessa hits you with a +2 short sword of speed.
* * * LOW HITPOINT WARNING * * *
Unknown command.
Unknown command.
You hit Duvessa.
Duvessa is almost dead.
Duvessa hits you with a +2 short sword of speed!
* * * LOW MAGIC WARNING * * *
You die...

.....#.##.#####.#.###
####...##...#...#...#,
, * ########.#.#.....#
, * #.#.#.##..#
#...#.##..#,
#####.....#, * , ,
#####.# , , , #.)..#,
#@#### * #####e#####,
* , #....eS...#
#.........#
#...........#
#............ < ,
#............^ , , ,
#............
#............


You could see Duvessa (fast), Dowan and a ball python.

Vanquished Creatures
  A sky beast (D:4)
  A scorpion (D:5)
  Natasha (D:2)
  4 gnolls (D:4)
  A shadow imp (D:5)
  2 dart slugs (D:1)
  5 orcs
  7 ball pythons
  7 endoplasms
  3 giant cockroaches
  2 goblins
  8 hobgoblins
  2 quokkas (D:1)
  5 bats
  2 frilled lizards (D:1)
  6 kobolds
  2 rats (D:3)
59 creatures vanquished.

Notes
Turn   | Place    | Note
-------+----------+-------------------------------------------
     0 | D:1      | lunkers the Meteoran Fighter began the quest for the Orb.
     0 | D:1      | Reached XP level 1. HP: 19/19 MP: 2/2
    64 | D:1      | Reached skill level 3 in Long Blades
    64 | D:1      | Reached XP level 2. HP: 22/26 MP: 3/3
   145 | D:1      | Reached XP level 3. HP: 24/31 MP: 4/4
   280 | D:1      | Reached skill level 4 in Long Blades
   805 | D:2      | Noticed Natasha
   812 | D:2      | Killed Natasha
   813 | D:2      | Reached skill level 5 in Long Blades
   813 | D:2      | Reached XP level 4. HP: 27/38 MP: 1/5
  1085 | D:3      | Found a stormy altar of Qazlal.
  1272 | D:3      | Reached skill level 1 in Short Blades
  1272 | D:3      | Reached XP level 5. HP: 45/45 MP: 6/6
  1510 | D:4      | Noticed a sky beast
  1521 | D:4      | Killed a sky beast
  1522 | D:4      | Reached XP level 6. HP: 35/51 MP: 7/7
  1533 | D:4      | Noticed Duvessa
  1557 | D:4      | Noticed Dowan
  1578 | D:5      | Entered Level 5 of the Dungeon
  1688 | D:4      | Slain by Duvessa

Illustrated notes

Levels and vault maps discovered:
D:1:      dpeg_arrival_refuge, layout_basic, serial_rivers,
          chequers_serial_rivers_micro_a, chequers_serial_rivers_large_b,
          chequers_serial_rivers_micro_a, chequers_serial_rivers_micro_c,
          chequers_serial_rivers_small_b, chequers_serial_rivers_room_b,
          minmay_pentomino_p2
D:2:      layout_loops_corners, uniq_natasha
D:3:      layout_rooms, nicolae_qazlal_general_emergency
D:4:      layout_basic, uniq_blork_the_orc, uniq_duvessa
D:5:      layout_rooms, nicolae_elevator_lobby_asterisk

Skill      XL: |  1  2  3  4  5  6 |
---------------+-------------------+-----
Long Blades    | 3 5 |  5.3
Short Blades   | 1 3 4 |  4.9
Fighting       | |  3.2
Armour         | |  3.6
Shields        | |  3.6

Action                     |  1- 3 |  4- 6 || total
---------------------------+-------+-------++-------
  Melee: Long sword        |    94 |    11 ||   105
         Short sword       |       |   107 ||   107
    Use: Potion            |       |     1 ||     1
 Armour: Scale mail        |    44 |    34 ||    78
  Dodge: Dodged            |    32 |    35 ||    67
  Block: Buckler           |    23 |    22 ||    45

Table legend: (Time is in decaauts)
 A = Elapsed time spent in this place.
 B = Non-inter-level travel time spent in this place.
 C = Inter-level travel time spent in this place.
 D = Time resting spent in this place.
 E = Time spent auto-exploring this place.
 F = Levels seen in this place.
 G = Mean time per level.
                   A        B        C        D        E       F      G
               +--------+--------+--------+--------+--------+-----+--------+
         Total |   1696 |   1629 |     67 |      0 |   1141 |   5 |  339.2 |
       Dungeon |   1696 |   1629 |     67 |      0 |   1141 |   5 |  339.2 |
               +--------+--------+--------+--------+--------+-----+--------+

Top non-repeatable levels by time:
     D:2: 522 daAuts
     D:1: 484 daAuts
     D:3: 345 daAuts
     D:4: 292 daAuts
     D:5: 50 daAuts
